Harfangs vs Patriotes
Created - 16 octobre 2014 at 19:11
Goals
|
| Harfangs |
2 |
2 |
2 |
6 |
| Patriotes |
3 |
1 |
3 |
7 |
|
Shots
|
| Harfangs |
16 |
10 |
12 |
38 |
| Patriotes |
17 |
10 |
16 |
43 |
|
1st period
1. Harfangs , Stefan Ruzicka 7 (Peter Olvecky) at 10:21
2. Patriotes , Christian Hanson 7 (Joe Charlebois) at 17:12
3. Patriotes , Zack Stortini 1 (Christian Hanson, T.J Galiardi) at 17:43
4. Patriotes , Lauri Tukonen 4 (Cory Emmerton, Nigel Williams) at 17:57
5. Harfangs , Chris Kreider 4 (Alex Killorn) at 18:57 (PP)
Penalties :
Peter Olvecky (BEA) for Tripping (Minor) at 5:18, Timothy Kunes (Nyc) for Holding Stick (Minor) at 10:43, Joey MacDonald (Nyc) for Slashing (Minor) at 18:09 - Brett Skinner served the penalty
2nd period
6. Harfangs , Brett Carson 1 (Craig Smith, Dustin Jeffrey) at 3:44
7. Harfangs , Chris Kreider 5 (James Wisniewski, Petri Kontiola) at 3:58
8. Patriotes , T.J Galiardi 5 (Andreas Nodl, Ryan Wilson) at 4:47
Penalties :
Zack Stortini (Nyc) for Roughing (Minor) at 9:36, Kyle Palmieri (BEA) for Hooking (Minor) at 14:25, Zack Stortini (Nyc) for Hooking (Minor) at 16:26
3rd period
9. Harfangs , Chris Kreider 6 (Alexandre Picard, Michal Repik) at 3:05
10. Patriotes , Brett Skinner 3 (Andreas Nodl, Tomas Kurka) at 7:08 (PP)
11. Harfangs , Alexandre Picard 1 (Alex Killorn, Michal Repik) at 9:21 (PP)
12. Patriotes , Brett Skinner 4 (Cory Emmerton) at 11:27 (PP)
13. Patriotes , Cory Emmerton 3 (Sami Vatanen, Fedor Fedorov) at 13:34
Penalties :
Roman Wick (BEA) for Holding (Minor) at 6:24, Jared Staal (Nyc) for Hooking (Minor) at 8:25, Alexandre Picard (BEA) for Interference (Minor) at 11:02
Goalie Stats
Marek Schwarz (BEA), 36 saves from 43 shots - (0,837), L, 2-1-1, 60:00 minutes
Joey MacDonald (Nyc), 32 saves from 38 shots - (0,842), W, 6-4-0, 60:00 minutes
Players Stats for Harfangs
Player Name G A P +/- PIM S H SB GA TA FO MP PP MP PK MP
------------------------------------------------------------------------------------
Alex Killorn 0 2 2 1 0 2 2 0 0 0 13/26 18:42 3:27 0:00
Alexandre Picard 1 1 2 1 2 3 1 2 0 0 0/0 26:51 3:11 3:30
Andrew Orpik 0 0 0 -2 0 0 1 0 0 2 0/0 18:32 3:43 0:00
Brett Carson 1 0 1 0 0 2 2 0 1 0 0/0 13:41 0:02 1:12
Chris Kreider 3 0 3 -1 0 6 5 0 0 1 0/0 17:01 3:04 1:52
Craig Smith 0 1 1 1 0 2 0 0 0 0 4/5 11:23 0:57 0:25
Drew Shore 0 0 0 -2 0 0 3 1 0 1 5/5 12:14 0:00 0:32
Dustin Jeffrey 0 1 1 1 0 2 0 0 1 1 0/0 7:54 0:11 0:00
James Wisniewski 0 1 1 1 0 2 1 1 1 2 0/0 27:45 3:54 3:55
Kyle Palmieri 0 0 0 -2 2 0 0 0 1 0 1/1 11:41 0:03 0:00
Michal Repik 0 2 2 -1 0 1 0 0 0 0 0/5 18:03 3:27 2:33
Nick Holden 0 0 0 0 0 1 0 1 0 0 0/0 12:27 0:02 0:00
Peter Olvecky 0 1 1 1 2 4 3 1 0 0 0/0 22:31 4:03 2:06
Petri Kontiola 0 1 1 -1 0 0 1 1 0 0 9/19 15:28 3:47 1:57
Roman Wick 0 0 0 1 2 1 1 0 0 0 0/0 6:59 0:00 0:00
Stefan Ruzicka 1 0 1 1 0 4 3 0 2 0 1/2 20:26 4:04 0:00
Tomas Tatar 0 0 0 -2 0 4 0 1 1 0 0/0 12:28 0:00 0:49
Victor Bartley 0 0 0 -2 0 4 1 1 2 0 0/0 20:43 4:30 1:37
Players Stats for Patriotes
Player Name G A P +/- PIM S H SB GA TA FO MP PP MP PK MP
------------------------------------------------------------------------------------
Andreas Nodl 0 2 2 -2 0 6 3 2 0 2 1/1 24:50 3:06 4:19
Brett Skinner 2 0 2 -2 0 5 2 5 1 0 0/0 29:55 2:51 3:30
Christian Hanson 1 1 2 2 0 5 3 0 0 0 1/6 11:02 0:10 0:09
Cory Emmerton 1 2 3 2 0 2 3 0 0 0 7/15 14:32 1:51 0:00
Fedor Fedorov 0 1 1 2 0 2 2 1 1 1 2/3 16:39 1:51 2:02
Jared Staal 0 0 0 -1 2 1 1 0 0 0 0/1 6:11 0:00 0:00
Joakim Andersson 0 0 0 0 0 0 0 0 0 0 0/0 0:00 0:00 0:00
Joe Charlebois 0 1 1 1 0 1 0 4 0 1 0/0 19:56 1:54 3:25
Jordan Samuels-Thomas 0 0 0 0 0 0 0 0 0 0 0/0 1:27 0:00 1:17
Lauri Tukonen 1 0 1 2 0 2 1 0 1 0 0/0 14:32 1:51 0:00
Liam Reddox 0 0 0 -1 0 0 0 0 0 0 0/0 6:12 0:00 0:00
Mathieu Brodeur 0 0 0 0 0 0 0 1 0 0 0/0 4:11 0:00 0:28
Nigel Williams 0 1 1 2 0 0 0 2 0 1 0/0 10:23 0:00 1:22
Patrice Cormier 0 0 0 -1 0 1 0 0 0 0 0/1 7:32 0:00 1:14
Ryan White 0 0 0 0 0 0 0 0 0 0 0/0 0:00 0:00 0:00
Ryan Wilson 0 1 1 -2 0 1 3 4 1 1 0/0 27:20 3:13 4:16
Sami Vatanen 0 1 1 2 0 2 1 1 1 2 0/0 9:23 0:22 0:00
T.J Galiardi 1 1 2 2 0 5 0 0 0 0 0/1 11:02 0:23 0:00
Timothy Kunes 0 0 0 1 2 3 2 1 2 0 0/0 18:57 1:54 2:21
Tomas Kurka 0 1 1 -2 0 6 2 0 0 0 5/9 24:50 3:06 4:19
Zack Stortini 1 0 1 2 4 1 3 0 0 0 1/1 10:56 0:10 0:00
Zenon Konopka 0 0 0 -2 0 0 1 0 0 1 13/25 22:25 2:53 2:02
3 Stars
1 - Chris Kreider (BEA)
2 - Cory Emmerton (Nyc)
3 - Christian Hanson (Nyc)
Power Play
Harfangs - 2 on 5 Attempt(s) - 40,00%
Patriotes - 2 on 4 Attempt(s) - 50,00%
Penalty Kill
Harfangs - 2 on 4 Attempt(s) - 50,00%
- Score 0 goal in Penalty Kill
Patriotes - 3 on 5 Attempt(s) - 60,00%
- Score 0 goal in Penalty Kill
Official
Referees : Fraser Kerry and Rooney Chris
Linesman : Darren Gibbs and Derek Nansen
Game Notes
Chris Kreider has scored a Hat Trick!
Petri Kontiola is injured at 6:26 of 3rd period (Strained Right Elbow)
Finance
Level 1 -- Attendance: 1572 (78,60%) -- Ticket Income 55 020 $
Level 2 -- Attendance: 706 (70,60%) -- Ticket Income 10 590 $
Total Attendance: 2278 (75,93%)
Total Ticket Income: 65 610 $
Other Income: 3 280 $
Total Income: 68 890 $
Harfangs
5 vs 5 Forward
Center Left Wing Right Wing Time % Phy DF OF
1 Alex Killorn Peter Olvecky Stefan Ruzicka 40 1 2 2
2 Petri Kontiola Chris Kreider Michal Repik 30 1 2 2
3 Drew Shore Tomas Tatar Kyle Palmieri 20 1 2 2
4 Craig Smith Dustin Jeffrey Roman Wick 10 1 2 2
5 vs 5 Defense
Defense Defense Time % Phy DF OF
1 James Wisniewski Alexandre Picard 40 1 2 2
2 Andrew Orpik Victor Bartley 30 1 2 2
3 Brett Carson Nick Holden 20 1 2 2
4 Alexandre Picard James Wisniewski 10 1 2 2
PowerPlay Forward
Center Left Wing Right Wing Time % Phy DF OF
1 Petri Kontiola Peter Olvecky Stefan Ruzicka 60 1 2 2
2 Alex Killorn Chris Kreider Michal Repik 40 1 2 2
PowerPlay Defense
Defense Defense Time % Phy DF OF
1 Victor Bartley James Wisniewski 60 1 2 2
2 Alexandre Picard Andrew Orpik 40 1 2 2
Penalty Kill 4 Players Forward
Center Wing Time % Phy DF OF
1 Petri Kontiola Peter Olvecky 60 1 2 2
2 Drew Shore Chris Kreider 40 1 2 2
Penalty Kill 4 Players Defense
Defense Defense Time % Phy DF OF
1 Alexandre Picard James Wisniewski 60 1 2 2
2 Victor Bartley Brett Carson 40 1 2 2
Penalty Kill - 3 Players Forward
Forward Time % Phy DF OF
1 Petri Kontiola 60 1 2 2
2 Drew Shore 40 1 2 2
Penalty Kill - 3 Players Defense
Defense Defense Time % Phy DF OF
1 Alexandre Picard James Wisniewski 60 1 2 2
2 Victor Bartley Brett Carson 40 1 2 2
4 vs 4 Forward
Center Wing Time % Phy DF OF
1 Petri Kontiola Chris Kreider 60 1 2 2
2 Alex Killorn Stefan Ruzicka 40 1 2 2
4 vs 4 Defense
Defense Defense Time % Phy DF OF
1 Victor Bartley James Wisniewski 60 1 2 2
2 Alexandre Picard Andrew Orpik 40 1 2 2
Last Minutes Offensive
Center Left Wing Right Wing Defense Defense
Petri Kontiola Peter Olvecky Stefan Ruzicka Alexandre Picard James Wisniewski
Last Minutes Defensive
Center Left Wing Right Wing Defense Defense
Petri Kontiola Peter Olvecky Stefan Ruzicka Alexandre Picard Brett Carson
Goaltenders
Starting : Marek Schwarz
Backup : Darcy Kuemper
Extra Forwards
Normal : Craig Smith, Dustin Jeffrey, Michal Repik - PP : Craig Smith, Dustin Jeffrey - PK : Michal Repik
Extra Defensemen
Normal : James Wisniewski, Alexandre Picard, Victor Bartley - PP : Alexandre Picard - PK : James Wisniewski, Victor Bartley
Penalty Shots
Craig Smith, Tomas Tatar, Petri Kontiola, Peter Olvecky, Dustin Jeffrey
Patriotes
5 vs 5 Forward
Center Left Wing Right Wing Time % Phy DF OF
1 Zenon Konopka Tomas Kurka Andreas Nodl 40 1 2 2
2 Cory Emmerton Fedor Fedorov Lauri Tukonen 30 1 2 2
3 Christian Hanson T.J Galiardi Zack Stortini 20 1 2 2
4 Patrice Cormier Liam Reddox Jared Staal 10 1 2 2
5 vs 5 Defense
Defense Defense Time % Phy DF OF
1 Brett Skinner Ryan Wilson 40 1 2 2
2 Joe Charlebois Timothy Kunes 30 1 2 2
3 Sami Vatanen Nigel Williams 20 1 2 2
4 Mathieu Brodeur Brett Skinner 10 1 2 2
PowerPlay Forward
Center Left Wing Right Wing Time % Phy DF OF
1 Zenon Konopka Tomas Kurka Andreas Nodl 60 1 2 2
2 Cory Emmerton Fedor Fedorov Lauri Tukonen 40 1 2 2
PowerPlay Defense
Defense Defense Time % Phy DF OF
1 Brett Skinner Ryan Wilson 60 1 2 2
2 Joe Charlebois Timothy Kunes 40 1 2 2
Penalty Kill 4 Players Forward
Center Wing Time % Phy DF OF
1 Tomas Kurka Andreas Nodl 60 1 2 2
2 Fedor Fedorov Zenon Konopka 40 1 2 2
Penalty Kill 4 Players Defense
Defense Defense Time % Phy DF OF
1 Brett Skinner Ryan Wilson 60 1 2 2
2 Joe Charlebois Timothy Kunes 40 1 2 2
Penalty Kill - 3 Players Forward
Forward Time % Phy DF OF
1 Tomas Kurka 60 1 2 2
2 Andreas Nodl 40 1 2 2
Penalty Kill - 3 Players Defense
Defense Defense Time % Phy DF OF
1 Brett Skinner Ryan Wilson 60 1 2 2
2 Joe Charlebois Timothy Kunes 40 1 2 2
4 vs 4 Forward
Center Wing Time % Phy DF OF
1 Tomas Kurka Andreas Nodl 60 1 2 2
2 Fedor Fedorov Zenon Konopka 40 1 2 2
4 vs 4 Defense
Defense Defense Time % Phy DF OF
1 Brett Skinner Ryan Wilson 60 1 2 2
2 Joe Charlebois Timothy Kunes 40 1 2 2
Last Minutes Offensive
Center Left Wing Right Wing Defense Defense
Zenon Konopka Tomas Kurka Andreas Nodl Brett Skinner Ryan Wilson
Last Minutes Defensive
Center Left Wing Right Wing Defense Defense
Zenon Konopka Tomas Kurka Andreas Nodl Brett Skinner Ryan Wilson
Goaltenders
Starting : Joey MacDonald
Backup : Jason Missiaen
Extra Forwards
Normal : T.J Galiardi, Christian Hanson, Patrice Cormier - PP : T.J Galiardi, Christian Hanson - PK : Patrice Cormier
Extra Defensemen
Normal : Sami Vatanen, Nigel Williams, Mathieu Brodeur - PP : Sami Vatanen - PK : Nigel Williams, Mathieu Brodeur
Penalty Shots
Tomas Kurka, Andreas Nodl, Fedor Fedorov, Zenon Konopka, Cory Emmerton
% Time on Ice - Harfangs
Lines # - Real PCT - Wanted PCT - Time Play
Normal Forward
1 - 33% - 40% - 15:21
2 - 26% - 30% - 12:08
3 - 25% - 20% - 11:37
4 - 15% - 10% - 7:00
Normal Defense
1 - 41% - 40% - 18:41
2 - 32% - 30% - 14:51
3 - 25% - 20% - 11:18
4 - 3% - 10% - 1:16
PP Forward
1 - 55% - 60% - 4:14
2 - 45% - 40% - 3:27
PP Defense
1 - 59% - 60% - 4:33
2 - 41% - 40% - 3:08
PK Forward
1 - 90% - 60% - 4:35
2 - 10% - 40% - 0:32
PK Defense
1 - 77% - 60% - 3:55
2 - 23% - 40% - 1:12
PK3 Forward
1 - 0% - 60%
2 - 0% - 40%
PK3 Defense
1 - 0% - 60%
2 - 0% - 40%
44 Forward
1 - 0% - 60%
2 - 0% - 40%
44 Defense
1 - 0% - 60%
2 - 0% - 40%
Last Minute Offensive - 1:06
Last Minute Defensive - 0:00
Total
Forward - 60:00
Defense - 60:00
|
% Time on Ice - Patriotes
Lines # - Real PCT - Wanted PCT - Time Play
Normal Forward
1 - 36% - 40% - 16:37
2 - 28% - 30% - 12:46
3 - 23% - 20% - 10:37
4 - 13% - 10% - 6:12
Normal Defense
1 - 41% - 40% - 18:51
2 - 32% - 30% - 14:37
3 - 20% - 20% - 9:01
4 - 8% - 10% - 3:43
PP Forward
1 - 64% - 60% - 3:16
2 - 36% - 40% - 1:51
PP Defense
1 - 63% - 60% - 3:13
2 - 37% - 40% - 1:54
PK Forward
1 - 74% - 60% - 5:39
2 - 26% - 40% - 2:02
PK Defense
1 - 56% - 60% - 4:16
2 - 44% - 40% - 3:25
PK3 Forward
1 - 0% - 60%
2 - 0% - 40%
PK3 Defense
1 - 0% - 60%
2 - 0% - 40%
44 Forward
1 - 0% - 60%
2 - 0% - 40%
44 Defense
1 - 0% - 60%
2 - 0% - 40%
Last Minute Offensive - 0:00
Last Minute Defensive - 1:00
Total
Forward - 60:00
Defense - 60:00
|
Play by Play
1st period
0:01 of 1st period - Zenon Konopka wins face-off versus Alex Killorn in neutral zone.
0:25 of 1st period - Alexandre Picard is hit by Ryan Wilson and loses puck.
0:52 of 1st period - Snap shot by Christian Hanson.
0:52 of 1st period - Deflect By T.J Galiardi.
0:52 of 1st period - Shot Misses the Net.
0:52 of 1st period - Puck is out of play.
0:53 of 1st period - Craig Smith wins face-off versus Jared Staal in Harfangs zone.
1:08 of 1st period - Snap shot by Craig Smith.
1:08 of 1st period - Shot Misses the Net.
1:22 of 1st period - Snap shot by Andreas Nodl.
1:22 of 1st period - Stopped by Marek Schwarz with a rebound.
1:47 of 1st period - Tomas Kurka is hit by Chris Kreider and loses puck.
1:56 of 1st period - Wrist shot by Petri Kontiola.
1:56 of 1st period - Shot Blocked by Mathieu Brodeur.
2:08 of 1st period - Snap shot by Lauri Tukonen.
2:08 of 1st period - Deflect By Fedor Fedorov.
2:08 of 1st period - Shot Blocked by Drew Shore.
2:08 of 1st period - Puck is out of play.
2:09 of 1st period - Kyle Palmieri wins face-off versus Cory Emmerton in Harfangs zone.
2:09 of 1st period - Kyle Palmieri is hit by Fedor Fedorov.
2:31 of 1st period - Wrist shot by Cory Emmerton.
2:31 of 1st period - Shot Misses the Net.
2:33 of 1st period - Snap shot by Fedor Fedorov.
2:33 of 1st period - Stopped by Marek Schwarz without a rebound.
2:34 of 1st period - Alex Killorn wins face-off versus Christian Hanson in Harfangs zone.
3:00 of 1st period - Nigel Williams is hit by Petri Kontiola and loses puck.
3:27 of 1st period - Victor Bartley is hit by Lauri Tukonen and loses puck.
4:00 of 1st period - Snap shot by Stefan Ruzicka.
4:00 of 1st period - Deflect By Alex Killorn.
4:00 of 1st period - Shot Blocked by Joe Charlebois.
4:00 of 1st period - Puck is out of play.
4:01 of 1st period - Alex Killorn wins face-off versus Christian Hanson in Patriotes zone.
4:04 of 1st period - Snap shot by Peter Olvecky.
4:04 of 1st period - Deflect By Stefan Ruzicka.
4:04 of 1st period - Stopped by Joey MacDonald with a rebound.
4:55 of 1st period - Snap shot by Tomas Tatar.
4:55 of 1st period - Stopped by Joey MacDonald without a rebound.
4:56 of 1st period - Christian Hanson wins face-off versus Alex Killorn in Patriotes zone.
4:56 of 1st period - Christian Hanson is hit by Alex Killorn.
5:10 of 1st period - Wrist shot by Christian Hanson.
5:10 of 1st period - Stopped by Marek Schwarz with a rebound.
5:12 of 1st period - Backhand shot by T.J Galiardi.
5:12 of 1st period - Shot Misses the Net.
5:18 of 1st period - Minor Penalty to Peter Olvecky for Tripping.
5:19 of 1st period - Petri Kontiola wins face-off versus Zenon Konopka in Harfangs zone.
6:16 of 1st period - Cory Emmerton is hit by Brett Carson and loses puck.
6:41 of 1st period - Zenon Konopka is hit by Brett Carson and loses puck.
7:18 of 1st period - Penalty to Peter Olvecky is over, Peter Olvecky is back on ice.
7:51 of 1st period - Slapshot by T.J Galiardi.
7:51 of 1st period - Shot Misses the Net.
7:59 of 1st period - Snap shot by T.J Galiardi.
7:59 of 1st period - Deflect By Brett Carson.
7:59 of 1st period - Stopped by Marek Schwarz without a rebound.
8:00 of 1st period - Stefan Ruzicka wins face-off versus Christian Hanson in Harfangs zone.
8:07 of 1st period - Slapshot by Christian Hanson.
8:07 of 1st period - Stopped by Marek Schwarz with a rebound.
8:09 of 1st period - Wrist shot by T.J Galiardi.
8:09 of 1st period - Stopped by Marek Schwarz with a rebound.
8:31 of 1st period - Wrist shot by Cory Emmerton.
8:31 of 1st period - Stopped by Marek Schwarz without a rebound.
8:32 of 1st period - Drew Shore wins face-off versus Zenon Konopka in Harfangs zone.
8:57 of 1st period - Lauri Tukonen is hit by Chris Kreider and loses puck.
9:03 of 1st period - Off-side.
9:04 of 1st period - Alex Killorn wins face-off versus Zenon Konopka in neutral zone.
9:09 of 1st period - Snap shot by Peter Olvecky.
9:09 of 1st period - Stopped by Joey MacDonald with a rebound.
9:11 of 1st period - Wrist shot by Alex Killorn.
9:11 of 1st period - Stopped by Joey MacDonald without a rebound.
9:12 of 1st period - Alex Killorn wins face-off versus Zenon Konopka in Patriotes zone.
10:21 of 1st period - Snap shot by Stefan Ruzicka.
10:21 of 1st period - Goal by Stefan Ruzicka - Harfangs : 1 - Patriotes : 0.
10:22 of 1st period - Cory Emmerton wins face-off versus Petri Kontiola in neutral zone.
10:27 of 1st period - Backhand shot by Cory Emmerton.
10:27 of 1st period - Shot Misses the Net.
10:29 of 1st period - Snap shot by Lauri Tukonen.
10:29 of 1st period - Shot Blocked by Alexandre Picard.
10:31 of 1st period - Backhand shot by Timothy Kunes.
10:31 of 1st period - Stopped by Marek Schwarz with a rebound.
10:33 of 1st period - Wrist shot by Lauri Tukonen.
10:33 of 1st period - Shot Blocked by Petri Kontiola.
10:43 of 1st period - Minor Penalty to Timothy Kunes for Holding Stick.
10:44 of 1st period - Petri Kontiola wins face-off versus Tomas Kurka in Patriotes zone.
10:51 of 1st period - Slapshot by Peter Olvecky.
10:51 of 1st period - Shot Blocked by Brett Skinner.
11:15 of 1st period - Wrist shot by Chris Kreider.
11:15 of 1st period - Shot Blocked by Brett Skinner.
11:17 of 1st period - Slapshot by Alexandre Picard.
11:17 of 1st period - Shot Blocked by Ryan Wilson.
11:19 of 1st period - Slapshot by Alexandre Picard.
11:19 of 1st period - Shot Blocked by Ryan Wilson.
11:39 of 1st period - Jordan Samuels-Thomas is hit by Alexandre Picard and loses puck.
12:18 of 1st period - Stefan Ruzicka is hit by Zenon Konopka.
12:43 of 1st period - Penalty to Timothy Kunes is over, Timothy Kunes is back on ice.
14:01 of 1st period - Fedor Fedorov is hit by Chris Kreider and loses puck.
14:47 of 1st period - Alexandre Picard is hit by Christian Hanson and loses puck.
14:52 of 1st period - Slapshot by Christian Hanson.
14:52 of 1st period - Stopped by Marek Schwarz with a rebound.
15:15 of 1st period - Snap shot by Craig Smith.
15:15 of 1st period - Shot Blocked by Andreas Nodl.
15:17 of 1st period - Snap shot by Craig Smith.
15:17 of 1st period - Stopped by Joey MacDonald with a rebound.
15:19 of 1st period - Wrist shot by Alexandre Picard.
15:19 of 1st period - Stopped by Joey MacDonald with a rebound.
15:21 of 1st period - Slapshot by James Wisniewski.
15:21 of 1st period - Deflect By Zenon Konopka.
15:21 of 1st period - Stopped by Joey MacDonald with a rebound.
15:29 of 1st period - Slapshot by James Wisniewski.
15:29 of 1st period - Shot Misses the Net.
15:31 of 1st period - Slapshot by James Wisniewski.
15:31 of 1st period - Shot Misses the Net.
15:33 of 1st period - Slapshot by Alexandre Picard.
15:33 of 1st period - Stopped by Joey MacDonald with a rebound.
15:35 of 1st period - Wrist shot by Dustin Jeffrey.
15:35 of 1st period - Shot Misses the Net.
15:37 of 1st period - Slapshot by James Wisniewski.
15:37 of 1st period - Shot Blocked by Andreas Nodl.
16:03 of 1st period - Wrist shot by Tomas Kurka.
16:03 of 1st period - Stopped by Marek Schwarz with a rebound.
16:11 of 1st period - Wrist shot by Andreas Nodl.
16:11 of 1st period - Stopped by Marek Schwarz with a rebound.
16:25 of 1st period - Snap shot by Tomas Kurka.
16:25 of 1st period - Stopped by Marek Schwarz with a rebound.
16:37 of 1st period - Backhand shot by James Wisniewski.
16:37 of 1st period - Deflect By Dustin Jeffrey.
16:37 of 1st period - Stopped by Joey MacDonald without a rebound.
16:38 of 1st period - Alex Killorn wins face-off versus Cory Emmerton in Patriotes zone.
16:49 of 1st period - Snap shot by Fedor Fedorov.
16:49 of 1st period - Shot Misses the Net.
17:05 of 1st period - Chris Kreider is hit by Timothy Kunes and loses puck.
17:12 of 1st period - Wrist shot by Christian Hanson.
17:12 of 1st period - Goal by Christian Hanson - Harfangs : 1 - Patriotes : 1.
17:13 of 1st period - Alex Killorn wins face-off versus Cory Emmerton in neutral zone.
17:16 of 1st period - Fedor Fedorov is hit by Stefan Ruzicka and loses puck.
17:25 of 1st period - Snap shot by Cory Emmerton.
17:25 of 1st period - Shot Misses the Net.
17:27 of 1st period - Slapshot by Joe Charlebois.
17:27 of 1st period - Stopped by Marek Schwarz with a rebound.
17:41 of 1st period - Snap shot by T.J Galiardi.
17:41 of 1st period - Stopped by Marek Schwarz with a rebound.
17:43 of 1st period - Snap shot by Christian Hanson.
17:43 of 1st period - Deflect By Zack Stortini.
17:43 of 1st period - Goal by Zack Stortini - Harfangs : 1 - Patriotes : 2.
17:44 of 1st period - Petri Kontiola wins face-off versus Cory Emmerton in neutral zone.
17:57 of 1st period - Wrist shot by Cory Emmerton.
17:57 of 1st period - Deflect By Lauri Tukonen.
17:57 of 1st period - Goal by Lauri Tukonen - Harfangs : 1 - Patriotes : 3.
17:58 of 1st period - Tomas Kurka wins face-off versus Alex Killorn in neutral zone.
18:07 of 1st period - Wrist shot by Peter Olvecky.
18:07 of 1st period - Shot Blocked by Ryan Wilson.
18:09 of 1st period - Snap shot by Peter Olvecky.
18:09 of 1st period - Stopped by Joey MacDonald without a rebound.
18:09 of 1st period - Minor Penalty to Joey MacDonald for Slashing.
18:10 of 1st period - Tomas Kurka wins face-off versus Petri Kontiola in Patriotes zone.
18:17 of 1st period - Snap shot by Stefan Ruzicka.
18:17 of 1st period - Deflect By Tomas Kurka.
18:17 of 1st period - Stopped by Joey MacDonald with a rebound.
18:19 of 1st period - Snap shot by Petri Kontiola.
18:19 of 1st period - Deflect By Stefan Ruzicka.
18:19 of 1st period - Stopped by Joey MacDonald without a rebound.
18:20 of 1st period - Petri Kontiola wins face-off versus Tomas Kurka in Patriotes zone.
18:49 of 1st period - Slapshot by Petri Kontiola.
18:49 of 1st period - Shot Misses the Net.
18:51 of 1st period - Slapshot by Victor Bartley.
18:51 of 1st period - Stopped by Joey MacDonald with a rebound.
18:53 of 1st period - Slapshot by Peter Olvecky.
18:53 of 1st period - Shot Misses the Net.
18:55 of 1st period - Slapshot by Victor Bartley.
18:55 of 1st period - Stopped by Joey MacDonald without a rebound.
18:56 of 1st period - Alex Killorn wins face-off versus Tomas Kurka in Patriotes zone.
18:57 of 1st period - Wrist shot by Chris Kreider.
18:57 of 1st period - Goal by Chris Kreider - Harfangs : 2 - Patriotes : 3.
18:58 of 1st period - Cory Emmerton wins face-off versus Petri Kontiola in neutral zone.
19:00 of 1st period - Off-side.
19:01 of 1st period - Cory Emmerton wins face-off versus Petri Kontiola in neutral zone.
19:46 of 1st period - Tomas Tatar is hit by Zack Stortini and loses puck.
19:53 of 1st period - Wrist shot by T.J Galiardi.
19:53 of 1st period - Shot Misses the Net.
19:57 of 1st period - Wrist shot by T.J Galiardi.
19:57 of 1st period - Deflect By Christian Hanson.
19:57 of 1st period - Shot Misses the Net.
19:57 of 1st period - Puck is out of play.
19:58 of 1st period - Petri Kontiola wins face-off versus Zenon Konopka in Harfangs zone.
Goals for this period are 2 for Harfangs vs 3 for Patriotes.
Shots for this period are 16 for Harfangs vs 17 for Patriotes.
2nd period
0:01 of 2nd period - Zenon Konopka wins face-off versus Alex Killorn in neutral zone.
0:23 of 2nd period - Icing by Ryan Wilson.
0:24 of 2nd period - Petri Kontiola wins face-off versus Cory Emmerton in Patriotes zone.
0:27 of 2nd period - Slapshot by Petri Kontiola.
0:27 of 2nd period - Shot Misses the Net.
1:08 of 2nd period - Stefan Ruzicka is hit by Timothy Kunes and loses puck.
1:27 of 2nd period - Nick Holden is hit by Jared Staal and loses puck.
2:06 of 2nd period - Off-side.
2:07 of 2nd period - Andreas Nodl wins face-off versus Petri Kontiola in neutral zone.
2:18 of 2nd period - Snap shot by Petri Kontiola.
2:18 of 2nd period - Shot Misses the Net.
2:23 of 2nd period - Off-side.
2:24 of 2nd period - Drew Shore wins face-off versus Cory Emmerton in neutral zone.
2:49 of 2nd period - James Wisniewski is hit by Tomas Kurka and loses puck.
3:23 of 2nd period - T.J Galiardi is hit by Peter Olvecky and loses puck.
3:34 of 2nd period - Wrist shot by Craig Smith.
3:34 of 2nd period - Shot Misses the Net.
3:36 of 2nd period - Slapshot by Nick Holden.
3:36 of 2nd period - Shot Blocked by Brett Skinner.
3:38 of 2nd period - Slapshot by Dustin Jeffrey.
3:38 of 2nd period - Stopped by Joey MacDonald with a rebound.
3:40 of 2nd period - Slapshot by Brett Carson.
3:40 of 2nd period - Shot Misses the Net.
3:42 of 2nd period - Snap shot by Craig Smith.
3:42 of 2nd period - Shot Blocked by Brett Skinner.
3:44 of 2nd period - Slapshot by Brett Carson.
3:44 of 2nd period - Goal by Brett Carson - Harfangs : 3 - Patriotes : 3.
3:45 of 2nd period - Petri Kontiola wins face-off versus Zenon Konopka in neutral zone.
3:49 of 2nd period - James Wisniewski is hit by Andreas Nodl and loses puck.
3:56 of 2nd period - Snap shot by Chris Kreider.
3:56 of 2nd period - Stopped by Joey MacDonald with a rebound.
3:58 of 2nd period - Backhand shot by Chris Kreider.
3:58 of 2nd period - Goal by Chris Kreider - Harfangs : 4 - Patriotes : 3.
3:59 of 2nd period - Cory Emmerton wins face-off versus Alex Killorn in neutral zone.
4:26 of 2nd period - Timothy Kunes is hit by Chris Kreider and loses puck.
4:47 of 2nd period - Slapshot by T.J Galiardi.
4:47 of 2nd period - Goal by T.J Galiardi - Harfangs : 4 - Patriotes : 4.
4:48 of 2nd period - Zenon Konopka wins face-off versus Alex Killorn in neutral zone.
4:51 of 2nd period - Wrist shot by Andreas Nodl.
4:51 of 2nd period - Stopped by Marek Schwarz with a rebound.
5:03 of 2nd period - Snap shot by Tomas Kurka.
5:03 of 2nd period - Stopped by Marek Schwarz with a rebound.
5:28 of 2nd period - Slapshot by Petri Kontiola.
5:28 of 2nd period - Shot Blocked by Sami Vatanen.
7:08 of 2nd period - Patrice Cormier is hit by Drew Shore.
7:28 of 2nd period - Off-side.
7:29 of 2nd period - Fedor Fedorov wins face-off versus Petri Kontiola in neutral zone.
7:32 of 2nd period - Slapshot by Timothy Kunes.
7:32 of 2nd period - Stopped by Marek Schwarz with a rebound.
7:38 of 2nd period - Snap shot by Lauri Tukonen.
7:38 of 2nd period - Stopped by Marek Schwarz with a rebound.
8:01 of 2nd period - Snap shot by Alex Killorn.
8:01 of 2nd period - Deflect By Peter Olvecky.
8:01 of 2nd period - Stopped by Joey MacDonald with a rebound.
8:03 of 2nd period - Wrist shot by Peter Olvecky.
8:03 of 2nd period - Shot Misses the Net.
8:39 of 2nd period - Snap shot by Patrice Cormier.
8:39 of 2nd period - Stopped by Marek Schwarz without a rebound.
8:40 of 2nd period - Zenon Konopka wins face-off versus Alex Killorn in Harfangs zone.
8:43 of 2nd period - Snap shot by Tomas Kurka.
8:43 of 2nd period - Shot Misses the Net.
8:45 of 2nd period - Wrist shot by Tomas Kurka.
8:45 of 2nd period - Stopped by Marek Schwarz without a rebound.
8:46 of 2nd period - Zenon Konopka wins face-off versus Alex Killorn in Harfangs zone.
8:55 of 2nd period - Andrew Orpik is hit by Andreas Nodl and loses puck.
9:02 of 2nd period - Snap shot by Andreas Nodl.
9:02 of 2nd period - Stopped by Marek Schwarz with a rebound.
9:34 of 2nd period - Snap shot by Chris Kreider.
9:34 of 2nd period - Stopped by Joey MacDonald with a rebound.
9:36 of 2nd period - Minor Penalty to Zack Stortini for Roughing.
9:37 of 2nd period - Tomas Kurka wins face-off versus Petri Kontiola in Patriotes zone.
11:05 of 2nd period - Chris Kreider is hit by Ryan Wilson and loses puck.
11:36 of 2nd period - Penalty to Zack Stortini is over, Zack Stortini is back on ice.
11:52 of 2nd period - Snap shot by Tomas Tatar.
11:52 of 2nd period - Stopped by Joey MacDonald with a rebound.
11:54 of 2nd period - Slapshot by Brett Carson.
11:54 of 2nd period - Shot Blocked by Timothy Kunes.
12:41 of 2nd period - Andreas Nodl is hit by Roman Wick and loses puck.
13:05 of 2nd period - Slapshot by Brett Skinner.
13:05 of 2nd period - Stopped by Marek Schwarz with a rebound.
13:07 of 2nd period - Slapshot by Patrice Cormier.
13:07 of 2nd period - Shot Blocked by Victor Bartley.
13:26 of 2nd period - Brett Carson is hit by Cory Emmerton and loses puck.
13:39 of 2nd period - Slapshot by Brett Skinner.
13:39 of 2nd period - Stopped by Marek Schwarz with a rebound.
14:17 of 2nd period - Slapshot by Brett Skinner.
14:17 of 2nd period - Shot Misses the Net.
14:25 of 2nd period - Minor Penalty to Kyle Palmieri for Hooking.
14:26 of 2nd period - Zenon Konopka wins face-off versus Petri Kontiola in Harfangs zone.
14:27 of 2nd period - Snap shot by Andreas Nodl.
14:27 of 2nd period - Shot Blocked by James Wisniewski.
16:25 of 2nd period - Penalty to Kyle Palmieri is over, Kyle Palmieri is back on ice.
16:26 of 2nd period - Minor Penalty to Zack Stortini for Hooking.
16:27 of 2nd period - Tomas Kurka wins face-off versus Petri Kontiola in Patriotes zone.
16:32 of 2nd period - Timothy Kunes is hit by Stefan Ruzicka and loses puck.
17:01 of 2nd period - Timothy Kunes is hit by Peter Olvecky and loses puck.
17:18 of 2nd period - Andreas Nodl is hit by Alex Killorn.
18:23 of 2nd period - Alex Killorn is hit by Christian Hanson.
18:26 of 2nd period - Penalty to Zack Stortini is over, Zack Stortini is back on ice.
18:43 of 2nd period - Off-side.
18:44 of 2nd period - Craig Smith wins face-off versus Christian Hanson in neutral zone.
18:49 of 2nd period - Snap shot by Craig Smith.
18:49 of 2nd period - Shot Blocked by Nigel Williams.
18:51 of 2nd period - Slapshot by Brett Carson.
18:51 of 2nd period - Shot Misses the Net.
18:53 of 2nd period - Slapshot by Nick Holden.
18:53 of 2nd period - Stopped by Joey MacDonald with a rebound.
18:55 of 2nd period - Slapshot by Brett Carson.
18:55 of 2nd period - Deflect By Roman Wick.
18:55 of 2nd period - Stopped by Joey MacDonald with a rebound.
18:57 of 2nd period - Slapshot by Nick Holden.
18:57 of 2nd period - Shot Blocked by Nigel Williams.
18:59 of 2nd period - Slapshot by Brett Carson.
18:59 of 2nd period - Stopped by Joey MacDonald with a rebound.
19:09 of 2nd period - Brett Carson is hit by Cory Emmerton.
19:15 of 2nd period - Slapshot by Tomas Tatar.
19:15 of 2nd period - Shot Misses the Net.
Goals for this period are 2 for Harfangs vs 1 for Patriotes.
Shots for this period are 10 for Harfangs vs 10 for Patriotes.
3rd period
0:01 of 3rd period - Alex Killorn wins face-off versus Zenon Konopka in neutral zone.
0:26 of 3rd period - Cory Emmerton is hit by Chris Kreider and loses puck.
1:30 of 3rd period - Snap shot by Andreas Nodl.
1:30 of 3rd period - Shot Blocked by Nick Holden.
1:32 of 3rd period - Slapshot by Joe Charlebois.
1:32 of 3rd period - Shot Blocked by Peter Olvecky.
1:34 of 3rd period - Slapshot by Timothy Kunes.
1:34 of 3rd period - Stopped by Marek Schwarz with a rebound.
1:40 of 3rd period - Wrist shot by Andreas Nodl.
1:40 of 3rd period - Deflect By Tomas Kurka.
1:40 of 3rd period - Stopped by Marek Schwarz without a rebound.
1:41 of 3rd period - Petri Kontiola wins face-off versus Cory Emmerton in Harfangs zone.
1:41 of 3rd period - Petri Kontiola is hit by Cory Emmerton.
1:47 of 3rd period - Snap shot by Chris Kreider.
1:47 of 3rd period - Shot Blocked by Fedor Fedorov.
1:49 of 3rd period - Snap shot by Petri Kontiola.
1:49 of 3rd period - Deflect By Michal Repik.
1:49 of 3rd period - Shot Misses the Net.
1:49 of 3rd period - Puck is out of play.
1:50 of 3rd period - Cory Emmerton wins face-off versus Petri Kontiola in Patriotes zone.
1:54 of 3rd period - Off-side.
1:55 of 3rd period - Zenon Konopka wins face-off versus Stefan Ruzicka in neutral zone.
2:00 of 3rd period - Snap shot by Andreas Nodl.
2:00 of 3rd period - Shot Misses the Net.
2:20 of 3rd period - Chris Kreider is hit by Fedor Fedorov and loses puck.
2:47 of 3rd period - Slapshot by Ryan Wilson.
2:47 of 3rd period - Shot Misses the Net.
2:49 of 3rd period - Slapshot by Brett Skinner.
2:49 of 3rd period - Shot Misses the Net.
3:05 of 3rd period - Snap shot by Chris Kreider.
3:05 of 3rd period - Goal by Chris Kreider - Harfangs : 5 - Patriotes : 4.
3:06 of 3rd period - Alex Killorn wins face-off versus Zenon Konopka in neutral zone.
3:32 of 3rd period - Kyle Palmieri is hit by Christian Hanson and loses puck.
4:25 of 3rd period - Wrist shot by Petri Kontiola.
4:25 of 3rd period - Shot Misses the Net.
5:26 of 3rd period - Snap shot by Patrice Cormier.
5:26 of 3rd period - Shot Blocked by Tomas Tatar.
5:28 of 3rd period - Snap shot by Patrice Cormier.
5:28 of 3rd period - Shot Misses the Net.
5:30 of 3rd period - Snap shot by Jared Staal.
5:30 of 3rd period - Stopped by Marek Schwarz with a rebound.
5:32 of 3rd period - Slapshot by Ryan Wilson.
5:32 of 3rd period - Deflect By Alexandre Picard.
5:32 of 3rd period - Stopped by Marek Schwarz without a rebound.
5:33 of 3rd period - Alex Killorn wins face-off versus Zenon Konopka in Harfangs zone.
5:58 of 3rd period - Andrew Orpik is hit by Brett Skinner and loses puck.
6:19 of 3rd period - Wrist shot by Craig Smith.
6:19 of 3rd period - Stopped by Joey MacDonald without a rebound.
6:20 of 3rd period - Craig Smith wins face-off versus Christian Hanson in Patriotes zone.
6:24 of 3rd period - Minor Penalty to Roman Wick for Holding.
6:25 of 3rd period - Petri Kontiola wins face-off versus Zenon Konopka in Harfangs zone.
6:25 of 3rd period - Petri Kontiola is hit by Tomas Kurka.
6:26 of 3rd period - Petri Kontiola from Harfangs is injured at 6:26 of 3rd period (Strained Right Elbow).
6:27 of 3rd period - Zenon Konopka wins face-off versus Michal Repik in Harfangs zone.
6:33 of 3rd period - Snap shot by Zenon Konopka.
6:33 of 3rd period - Shot Blocked by Alexandre Picard.
6:35 of 3rd period - Slapshot by Brett Skinner.
6:35 of 3rd period - Stopped by Marek Schwarz without a rebound.
6:36 of 3rd period - Zenon Konopka wins face-off versus Michal Repik in Harfangs zone.
6:53 of 3rd period - James Wisniewski is hit by Andreas Nodl and loses puck.
7:04 of 3rd period - Wrist shot by Tomas Kurka.
7:04 of 3rd period - Shot Misses the Net.
7:06 of 3rd period - Wrist shot by Andreas Nodl.
7:06 of 3rd period - Stopped by Marek Schwarz with a rebound.
7:08 of 3rd period - Slapshot by Brett Skinner.
7:08 of 3rd period - Goal by Brett Skinner - Harfangs : 5 - Patriotes : 5.
7:09 of 3rd period - Fedor Fedorov wins face-off versus Alex Killorn in neutral zone.
7:56 of 3rd period - T.J Galiardi is hit by Victor Bartley and loses puck.
8:25 of 3rd period - Minor Penalty to Jared Staal for Hooking.
8:26 of 3rd period - Tomas Kurka wins face-off versus Craig Smith in Patriotes zone.
8:26 of 3rd period - Tomas Kurka is hit by Stefan Ruzicka.
8:55 of 3rd period - Snap shot by Chris Kreider.
8:55 of 3rd period - Stopped by Joey MacDonald without a rebound.
8:56 of 3rd period - Alex Killorn wins face-off versus Fedor Fedorov in Patriotes zone.
8:59 of 3rd period - Slapshot by Alex Killorn.
8:59 of 3rd period - Stopped by Joey MacDonald with a rebound.
9:09 of 3rd period - Slapshot by Chris Kreider.
9:09 of 3rd period - Shot Misses the Net.
9:21 of 3rd period - Slapshot by Alexandre Picard.
9:21 of 3rd period - Goal by Alexandre Picard - Harfangs : 6 - Patriotes : 5.
9:22 of 3rd period - Zenon Konopka wins face-off versus Alex Killorn in neutral zone.
10:41 of 3rd period - Nick Holden is hit by Sami Vatanen and loses puck.
10:45 of 3rd period - Icing by Zenon Konopka.
10:46 of 3rd period - Zenon Konopka wins face-off versus Alex Killorn in Patriotes zone.
11:02 of 3rd period - Minor Penalty to Alexandre Picard for Interference.
11:03 of 3rd period - Zenon Konopka wins face-off versus Michal Repik in Harfangs zone.
11:13 of 3rd period - Snap shot by Peter Olvecky.
11:13 of 3rd period - Stopped by Joey MacDonald with a rebound.
11:15 of 3rd period - Snap shot by Peter Olvecky.
11:15 of 3rd period - Shot Misses the Net.
11:17 of 3rd period - Slapshot by Peter Olvecky.
11:17 of 3rd period - Shot Blocked by Brett Skinner.
11:19 of 3rd period - Slapshot by Peter Olvecky.
11:19 of 3rd period - Deflect By Michal Repik.
11:19 of 3rd period - Stopped by Joey MacDonald without a rebound.
11:20 of 3rd period - Cory Emmerton wins face-off versus Michal Repik in Patriotes zone.
11:25 of 3rd period - Slapshot by Brett Skinner.
11:25 of 3rd period - Deflect By Cory Emmerton.
11:25 of 3rd period - Shot Misses the Net.
11:25 of 3rd period - Puck is out of play.
11:26 of 3rd period - Cory Emmerton wins face-off versus Michal Repik in Harfangs zone.
11:27 of 3rd period - Slapshot by Brett Skinner.
11:27 of 3rd period - Goal by Brett Skinner - Harfangs : 6 - Patriotes : 6.
11:28 of 3rd period - Alex Killorn wins face-off versus Zenon Konopka in neutral zone.
11:58 of 3rd period - Snap shot by Craig Smith.
11:58 of 3rd period - Shot Misses the Net.
12:00 of 3rd period - Slapshot by Victor Bartley.
12:00 of 3rd period - Stopped by Joey MacDonald with a rebound.
12:02 of 3rd period - Slapshot by Chris Kreider.
12:02 of 3rd period - Shot Blocked by Ryan Wilson.
13:28 of 3rd period - Slapshot by Sami Vatanen.
13:28 of 3rd period - Stopped by Marek Schwarz with a rebound.
13:30 of 3rd period - Wrist shot by Fedor Fedorov.
13:30 of 3rd period - Stopped by Marek Schwarz with a rebound.
13:32 of 3rd period - Slapshot by Sami Vatanen.
13:32 of 3rd period - Stopped by Marek Schwarz with a rebound.
13:34 of 3rd period - Wrist shot by Cory Emmerton.
13:34 of 3rd period - Goal by Cory Emmerton - Harfangs : 6 - Patriotes : 7.
13:35 of 3rd period - Zenon Konopka wins face-off versus Alex Killorn in neutral zone.
13:44 of 3rd period - Wrist shot by Alex Killorn.
13:44 of 3rd period - Shot Misses the Net.
14:00 of 3rd period - Ryan Wilson is hit by Drew Shore and loses puck.
14:07 of 3rd period - Slapshot by Kyle Palmieri.
14:07 of 3rd period - Shot Misses the Net.
14:09 of 3rd period - Wrist shot by Kyle Palmieri.
14:09 of 3rd period - Shot Misses the Net.
14:53 of 3rd period - Wrist shot by T.J Galiardi.
14:53 of 3rd period - Stopped by Marek Schwarz without a rebound.
14:54 of 3rd period - Drew Shore wins face-off versus Cory Emmerton in Harfangs zone.
14:59 of 3rd period - Fedor Fedorov is hit by James Wisniewski and loses puck.
15:10 of 3rd period - Slapshot by Alexandre Picard.
15:10 of 3rd period - Deflect By Tomas Tatar.
15:10 of 3rd period - Shot Misses the Net.
15:10 of 3rd period - Puck is out of play.
15:11 of 3rd period - Zack Stortini wins face-off versus Alex Killorn in Patriotes zone.
15:26 of 3rd period - Slapshot by James Wisniewski.
15:26 of 3rd period - Shot Blocked by Joe Charlebois.
15:43 of 3rd period - Slapshot by James Wisniewski.
15:43 of 3rd period - Stopped by Joey MacDonald without a rebound.
15:44 of 3rd period - Drew Shore wins face-off versus Tomas Kurka in Patriotes zone.
16:03 of 3rd period - Tomas Kurka is hit by Drew Shore and loses puck.
16:10 of 3rd period - Ryan Wilson is hit by Andrew Orpik and loses puck.
17:01 of 3rd period - Icing by Andrew Orpik.
17:02 of 3rd period - Drew Shore wins face-off versus T.J Galiardi in Harfangs zone.
17:02 of 3rd period - Drew Shore is hit by Zack Stortini.
17:14 of 3rd period - Snap shot by Tomas Tatar.
17:14 of 3rd period - Stopped by Joey MacDonald with a rebound.
17:16 of 3rd period - Slapshot by Andrew Orpik.
17:16 of 3rd period - Shot Blocked by Joe Charlebois.
17:18 of 3rd period - Slapshot by Victor Bartley.
17:18 of 3rd period - Stopped by Joey MacDonald with a rebound.
17:20 of 3rd period - Snap shot by Tomas Tatar.
17:20 of 3rd period - Stopped by Joey MacDonald with a rebound.
17:22 of 3rd period - Wrist shot by Tomas Tatar.
17:22 of 3rd period - Shot Blocked by Joe Charlebois.
17:36 of 3rd period - Wrist shot by Christian Hanson.
17:36 of 3rd period - Stopped by Marek Schwarz without a rebound.
17:37 of 3rd period - Alex Killorn wins face-off versus Patrice Cormier in Harfangs zone.
17:44 of 3rd period - Patrice Cormier is hit by Peter Olvecky and loses puck.
18:45 of 3rd period - Chris Kreider is hit by Zack Stortini and loses puck.
19:10 of 3rd period - Stefan Ruzicka is hit by Ryan Wilson and loses puck.
19:29 of 3rd period - Craig Smith is hit by Brett Skinner and loses puck.
19:38 of 3rd period - Slapshot by Andreas Nodl.
19:38 of 3rd period - Stopped by Marek Schwarz with a rebound.
19:40 of 3rd period - Snap shot by Tomas Kurka.
19:40 of 3rd period - Shot Misses the Net.
19:42 of 3rd period - Wrist shot by Tomas Kurka.
19:42 of 3rd period - Stopped by Marek Schwarz without a rebound.
19:43 of 3rd period - Rick Tocchet call a timeout for Harfangs.
19:43 of 3rd period - Craig Smith wins face-off versus Zenon Konopka in Harfangs zone.
Goals for this period are 2 for Harfangs vs 3 for Patriotes.
Shots for this period are 12 for Harfangs vs 16 for Patriotes.
Output by the SimonT Hockey Simulator (STHS) for François Prévost -- Original Page W3C XHTML 1.0 Valid